 Dungeon Crawl Stone Soup version 0.29.0-4-gdea44cf6ec (webtiles) character file.

Game seed: 465233085724146337

161 qw the Chopper (level 5, -1/30 HPs)
             Began as a Tengu Warper on Aug 28, 2022.
             Slain by an orc
             ... wielding a +0 club
              (3 damage)
             ... on level 4 of the Dungeon.
             The game lasted 00:00:17 (3092 turns).

qw the Chopper (Tengu Warper)                       Turns: 3092, Time: 00:00:18

Health: -1/30      AC: 10    Str: 13    XL:     5   Next: 42%
Magic:  0/9        EV: 11    Int: 13    God:
Gold:   121        SH:  0    Dex: 14    Spells: 8/8 levels left

rFire   + . .      SeeInvis .   Y - +0 hand axe
rCold   . . .      Faith    .   (no shield)
rNeg    . . .      Spirit   +   d - +0 scale mail
rPois   .          Reflect  .   (helmet restricted)
rElec   .          Harm     .   (no cloak)
rCorr   .          Rampage  .   (no gloves)
Will    .....                   (boots unavailable)
Stlth   ..........              e - amulet of guardian spirit
HPRegen 0.10/turn               c - ring of protection from fire
MPRegen 0.11/turn               l - +4 ring of protection

@: flying quickly and evasively, quick
A: beak, talons 3, nimble flight
a: no special abilities


You were on level 4 of the Dungeon.
You visited 1 branch of the dungeon, and saw 4 of its levels.

You collected 121 gold pieces.


Innate Abilities, Weirdness & Mutations

You have a beak for a mouth.
You have claws for feet.
Your magical nature lets you fly swiftly and evasively.


   Skills:
 - Level 2.0 Fighting
 + Level 6.0 Axes
 - Level 1.0 Throwing
 - Level 1.1 Armour
 - Level 2.1 Dodging
 - Level 2.0 Spellcasting
 - Level 2.4 Translocations


You had 8 spell levels left.
You didn't know any spells.
Your spell library contained the following spells:

 Spells                   Type           Power      Damage    Failure   Level
 Blink                    Tloc           14%        N/A       56%         2
 Gell's Gravitas          Tloc           7%         N/A       80%         3
 Lesser Beckoning         Tloc           7%         N/A       80%         3
 Teleport Other           Tloc           7%         N/A       80%         3
 Manifold Assault         Tloc           7%         N/A       100%        5

Inventory:

Hand Weapons
 m - a +0 flail
 Y - a +0 hand axe (weapon)
Armour
 d - a +0 scale mail (worn)
 k - the +0 ring mail of the Dowdy God {Harm rElec rCorr Str-5}
   (You found it on level 4 of the Dungeon)

   Str:       It affects your strength (-5).
   rElec:     It insulates you from electricity.
   rCorr:     It protects you from acid and corrosion.
   Harm:      It increases damage dealt and taken.
Jewellery
 c - a ring of protection from fire (left hand)
 e - an amulet of guardian spirit (around neck)
 l - a +4 ring of protection (right hand)
Scrolls
 h - a scroll of identify
Potions
 b - a potion of mutation {unknown}
 g - a potion of might
 i - a potion of cancellation
 j - a potion of lignification {unknown}
 q - a potion of magic {unknown}

Dungeon Overview and Level Annotations

Branches:
Dungeon (4/15)
 Temple: D:4-7

Altars:

Shops:
D:2 *

Annotations:
D:4 Edmund


Message History

Edmund hits you with a +1 dire flail of protection.
You hit Edmund.
Edmund is moderately wounded.
Edmund grinds his teeth, and then sighs.
Edmund hits you with a +1 dire flail of protection.
You hit Edmund. You claw Edmund, but do no damage.
Edmund is heavily wounded.
Edmund hits you with a +1 dire flail of protection!
You hit Edmund but do no damage.
Edmund is heavily wounded.
Edmund hits you with a +1 dire flail of protection.
You hit Edmund but do no damage.
Edmund is heavily wounded.
Edmund hits you with a +1 dire flail of protection!
3081 ||| READING scroll of teleportation.
As you read the scroll of teleportation, it crumbles to dust.
You feel strangely unstable.
Edmund zaps a wand.
The puff of flame misses you.
You hit Edmund but do no damage. Your kick misses Edmund.
Edmund is heavily wounded.
Edmund hits you with a +1 dire flail of protection.
You hit Edmund but do no damage. Your kick misses Edmund.
Edmund is heavily wounded.
Your surroundings suddenly seem different.
An orc comes into view. It is wielding a +0 dagger.
Found a stone staircase leading up.
The orc shouts!
You hear a shout! x2
Throw: javelin
Press: ? - help, Q - select action Shift-Dir - straight line, f - orc You throw a javelin.
The javelin closely misses the orc.
An orc comes into view. It is wielding a +0 club.
The orc shouts!
An orc comes into view. It is wielding a +0 dagger.
An orc comes into view. It is wielding a +0 whip.
You hit the orc. Your kick misses the orc. You peck the orc.
You kill the orc!
You hit the orc but do no damage. Your peck misses the orc.
You hit the orc but do no damage. Your peck misses the orc. You hit the orc.
The orc hits you with a +0 club.
You die...

..(
#####....
....#....
#........
#........
#...o....
#oo....<.
#@# #.#
#.# #.#
#.# #.#
#.. ...


You could see 3 orcs.

Vanquished Creatures
  A scorpion (D:4)
  2 adders
  2 worms (D:3)
  3 dart slugs
  6 orcs
  5 ball pythons
  9 endoplasms
  2 giant cockroaches
  7 goblins
  6 hobgoblins
  5 kobolds
  6 quokkas
  7 bats
  A frilled lizard (D:2)
  A rat (D:3)
63 creatures vanquished.

Notes
Turn   | Place    | Note
-------+----------+-------------------------------------------
     0 | D:1      | qw the Tengu Warper began the quest for the Orb.
     0 | D:1      | Reached XP level 1. HP: 12/12 MP: 4/4
     0 | D:1      | 0 ||| qw: Version: 0.1-a-89-g26bdef1
     0 | D:1      | 0 ||| qw: Game counter: 2871
     0 | D:1      | 0 ||| qw: Always use a shield: true
     0 | D:1      | 0 ||| qw: God list: Okawaru
     0 | D:1      | 0 ||| qw: Allow faded altars: false
     0 | D:1      | 0 ||| qw: Do Orc after D:15 true
     0 | D:1      | 0 ||| qw: Do second Lair branch before Depths: true
     0 | D:1      | 0 ||| qw: Lair rune preference: random
     0 | D:1      | 0 ||| qw: Plans: Normal
     0 | D:1      | 0 ||| PLANNING D:1-11
   112 | D:1      | Reached XP level 2. HP: 17/17 MP: 6/6
   128 | D:1      | Reached skill level 3 in Axes
   221 | D:1      | Found a faded altar of an unknown god.
   465 | D:1      | 465 ||| Stepping ~*~*~tactically~*~*~ (stealth).
   467 | D:1      | 467 ||| Stepping ~*~*~tactically~*~*~ (stealth).
   490 | D:1      | 490 ||| Stepping ~*~*~tactically~*~*~ (stealth).
   620 | D:1      | Reached XP level 3. HP: 12/21 MP: 7/7
   846 | D:1      | 846 ||| READING scroll labelled JIFITUX XAZI.
   847 | D:1      | 847 ||| READING scroll labelled MUANLI ELO TAF.
   848 | D:1      | 848 ||| READING 2 scrolls labelled KAORY UPAAXU.
   849 | D:1      | 849 ||| READING scroll labelled XOECUL IWEOL.
   854 | D:1      | 854 ||| DRINKING 2 lumpy emerald potions.
   855 | D:1      | 855 ||| DROPPING scroll of blinking.
   926 | D:2      | Reached skill level 4 in Axes
   972 | D:2      | Found Magoug's Assorted Antiques.
   978 | D:2      | 978 ||| SHOPLISTING cyan potion (24 gold, have 22).
   978 | D:2      | 978 ||| SHOPLISTING lumpy clear potion (24 gold, have 22).
   978 | D:2      | 978 ||| SHOPLISTING scroll labelled BEDAAS PEWAS (27 gold,
                  | have 22).
   978 | D:2      | 978 ||| SHOPLISTING scroll labelled SEEGAE HITY (27 gold,
                  | have 22).
   978 | D:2      | 978 ||| SHOPLISTING war axe (94 gold, have 22).
  1743 | D:2      | 1743 ||| Stepping ~*~*~tactically~*~*~ (hiding).
  1877 | D:2      | 1877 ||| UPGRADING to +0 leather armour of cold resistance.
  1887 | D:2      | 1887 ||| DROPPING +0 leather armour.
  1888 | D:2      | 1888 ||| UPGRADING to +0 scale mail.
  1898 | D:2      | 1898 ||| DROPPING +0 leather armour of cold resistance.
  1899 | D:2      | 1899 ||| UPGRADING to amulet of guardian spirit.
  1904 | D:2      | 1904 ||| UPGRADING to ring of protection from fire.
  1905 | D:2      | 1905 ||| DROPPING ring of flight.
  1906 | D:2      | 1906 ||| READING 2 scrolls of identify.
  1906 | D:2      | 1906 ||| IDENTIFYING bubbling white potion
  1965 | D:3      | 1965 ||| DROPPING +0 club.
  2026 | D:3      | Reached XP level 4. HP: 26/26 MP: 8/8
  2051 | D:3      | 2051 ||| FLEEEEING.
  2052 | D:3      | 2052 ||| FLEEEEING.
  2323 | D:3      | Reached skill level 5 in Axes
  2333 | D:3      | 2333 ||| DROPPING +0 whip.
  2366 | D:3      | 2366 ||| Stepping ~*~*~tactically~*~*~ (stealth).
  2593 | D:3      | 2593 ||| Stepping ~*~*~tactically~*~*~ (stealth).
  2859 | D:3      | 2859 ||| UPGRADING to +4 ring of protection.
  2860 | D:3      | 2860 ||| READING scroll labelled MOPRAYRASM.
  2861 | D:3      | 2861 ||| READING scroll labelled JYRUAMPONTU.
  2862 | D:3      | 2862 ||| READING scroll labelled XADYV REDUF.
  2863 | D:3      | 2863 ||| READING scroll labelled GORROBBOHOX.
  2935 | D:4      | Noticed a scorpion
  2946 | D:4      | Killed a scorpion
  2947 | D:4      | Reached skill level 6 in Axes
  2947 | D:4      | Gained mutation: Your magical nature lets you fly swiftly
                  | and evasively. [Tengu growth]
  2947 | D:4      | Reached XP level 5. HP: 23/30 MP: 6/9
  3061 | D:4      | Identified the +0 ring mail of the Dowdy God {Harm rElec
                  | rCorr Str-5}
  3064 | D:4      | Noticed Edmund
  3080 | D:4      | HP: 4/30 [Edmund/+1 dire flail of protection (5)]
  3081 | D:4      | 3081 ||| READING scroll of teleportation.
  3082 | D:4      | HP: 1/30 [Edmund/+1 dire flail of protection (3)]
  3092 | D:4      | Slain by an orc

Levels and vault maps discovered:
D:1:      minmay_arrival_diagonal_passages, layout_basic,
          ebering_ecumenical_altar_hall
D:2:      layout_loops_corners, serial_shops, shop, kennysheep_generic_room_13
D:3:      layout_basic
D:4:      layout_basic, nicolae_ru_sacrificial_ziggurat,
          sigmund_edmund_badplayer, uniq_blork_the_orc, uniq_crazy_yiuf_cottage,
          uniq_robin

Skill      XL: |  1  2  3  4 |
---------------+-------------+-----
Axes           | 3 4 6 |  6.0
Fighting       | |  2.0
Throwing       | |  1.0
Armour         | |  1.1
Dodging        | |  2.1
Spellcasting   | |  2.0
Translocations | |  2.4

Action                   |  1- 3 |  4- 6 || total
-------------------------+-------+-------++-------
Melee: Hand axe          |    73 |    70 ||   143
       Kick              |    22 |    26 ||    48
       Peck              |     7 |    12 ||    19
       Punch             |       |     1 ||     1
Throw: Boomerang         |     7 |       ||     7
       Javelin           |     7 |    14 ||    21
  Use: Scroll            |     5 |     5 ||    10
       Potion            |     1 |       ||     1
Armor: Leather armour    |    15 |       ||    15
       Scale mail        |     1 |     8 ||     9
Dodge: Dodged            |    33 |    21 ||    54

Table legend:
 A = Non-vault XP
 B = Vault XP
 C = Vault XP percentage of total XP
 D = Non-vault monster count
 E = Vault monster count
 F = Vault count percentage of total count
                 A         B        C        D         E       F
            +---------+---------+-------+---------+---------+-------
      Total |     230 |       0 |   0.0 |      63 |       0 |   0.0
            +---------+---------+-------+---------+---------+-------
        D:1 |      38 |       0 |   0.0 |      22 |       0 |   0.0
        D:2 |      33 |       0 |   0.0 |      11 |       0 |   0.0
        D:3 |      71 |       0 |   0.0 |      25 |       0 |   0.0
        D:4 |      88 |       0 |   0.0 |       5 |       0 |   0.0
            +---------+---------+-------+---------+---------+-------
